Map: Oceanborn LE

Players

LaserMan - Winner!

  • Race: Terran Terran
  • Spawn Location: 11:00

sugubatul

  • Race: Zerg Zerg
  • Spawn Location: 5:00

VOD

Have the link to the VOD?

Description

Time

  • Played on: July 18, 2024, 2:26 p.m.
  • Length: 14:08
Show
View Real Time Build Order
Export as new Build Order

LaserMan Terran - Winner!

Build Orders:  

Get SALT Encoding   

  12  0:00  SCV  
  13  0:12  SCV  
  14  0:21  Supply Depot  
  14  0:24  SCV  
  15  0:43  SCV  
  15  0:46  Barracks  
  15  0:49  Refinery  
  16  0:55  SCV  
  17  1:05  Supply Depot  
  17  1:07  SCV  
  18  1:19  SCV  
  18  1:21  Barracks  
  19  1:28  Refinery  
  19  1:31  SCV  
  20  1:37  Reaper  
  21  1:48  Orbital Command  
  21  2:09  Reaper  
  21  2:10  Reaper  
  23  2:15  SCV  
  24  2:27  Factory, SCV  
  25  2:37  Supply Depot  
  25  2:40  SCV  
  25  2:41  Reaper  
  25  2:43  Reaper  
  28  2:52  SCV  
  29  3:04  SCV  
  30  3:13  Command Center  
  30  3:15  Starport, Factory Reactor  
  30  3:16  SCV  
  31  3:32  Barracks Tech Lab  
  31  3:40  Barracks Reactor  
  31  3:44  SCV  
  31  3:47  Starport  
  32  3:56  SCV  
  32  4:10  SCV  
  32  4:22  SCV  
  32  4:30  Orbital Command  
  32  4:34  SCV  
  33  4:44  Starport Tech Lab  
  33  4:46  SCV  
  33  4:47  Cyclone, Starport Tech Lab  
  33  4:50  Cyclone  
  38  4:56  Starport  
  38  4:58  SCV x2  
  40  5:00  Marine  
  40  5:01  Marine  
  40  5:02  Marauder  
  40  5:03  Stimpack  
  44  5:10  SCV x2  
  46  5:15  Refinery  
  46  5:17  Hyperflight Rotors  
  46  5:18  Refinery  
  46  5:21  Banshee  
  46  5:22  SCV  
  46  5:23  SCV  
  51  5:30  Supply Depot  
  51  5:34  SCV  
  51  5:35  SCV, Starport Tech Lab  
  53  5:46  Marine  
  54  5:51  Supply Depot, Marine  
  54  5:52  SCV x2  
  57  6:04  SCV x2  
  59  6:16  SCV x2  
  59  6:18  Marine x2  
  63  6:31  SCV  
  63  6:32  SCV  
  65  6:34  Banshee  
  65  6:37  Cyclone, Command Center  
  70  6:41  Supply Depot  
  70  6:43  Supply Depot  
  70  6:44  Supply Depot  
  70  6:58  Supply Depot  
  70  7:02  Cyclone, Banshee, SCV x2  
  70  7:04  Banshee  
  80  7:16  SCV x2  
  80  7:17  Banshee  
  80  7:21  Supply Depot  
  85  7:28  SCV x2  
  87  7:37  Cyclone x2  
  87  7:39  Fusion Core  
  91  7:45  Banshee  
  91  7:46  SCV x2  
  91  7:47  Banshee  
  91  7:49  Orbital Command  
  99  7:58  SCV  
  100  7:59  SCV  
  100  8:00  Banshee  
  104  8:06  Refinery  
  104  8:10  SCV, Refinery  
  104  8:11  SCV  
  106  8:22  SCV  
  106  8:27  Orbital Command  
  105  8:28  Banshee  
  96  8:37  Orbital Command  
  92  8:44  Marine  
  90  9:00  Banshee x2  
  87  9:11  Banshee, SCV x3  
  93  9:23  SCV x3  
  96  9:31  Cyclone x2  
  100  9:35  SCV  
  100  9:37  Refinery  
  101  9:43  Battlecruiser  
  107  9:49  Marine x2  
  107  9:50  Marauder  
  107  9:51  Combat Shield  
  111  9:54  Liberator  
  114  10:03  SCV x3  
  117  10:15  SCV x3  
  120  10:26  Hellion x2  
  120  10:27  SCV  
  125  10:34  Supply Depot  
  125  10:35  Supply Depot  
  125  10:46  Starport  
  125  10:47  Weapon Refit  
  125  10:55  SCV x2  
  125  10:56  Battlecruiser  
  133  10:57  SCV, Hellion x2  
  138  11:06  Command Center  
  138  11:08  Supply Depot, SCV x2  
  138  11:09  SCV  
  141  11:12  Supply Depot  
  141  11:17  Battlecruiser  
  140  11:20  SCV, Battlecruiser  
  109  11:49  Starport Tech Lab  
  109  11:51  Cyclone x2  
  109  11:52  Marine x2  
  109  11:54  Marauder  
  117  11:55  Concussive Shells  
  111  12:11  Cloaking Field  
  111  12:15  Battlecruiser  
  108  12:33  Orbital Command  
  108  12:37  SCV x3  
  106  12:49  SCV  
  106  12:50  SCV x2  
  107  13:03  Battlecruiser x3  
  131  13:25  SCV x4  
Show
View Real Time Build Order
Export as new Build Order

sugubatul Zerg 

Build Orders: Hatch First 

Get SALT Encoding   

  12  0:00  Drone  
  13  0:12  Overlord  
  13  0:16  Drone  
  14  0:31  Drone x2  
  16  0:36  Drone  
  17  0:52  Hatchery  
  17  0:56  Drone  
  17  1:12  Drone  
  17  1:13  Spawning Pool  
  17  1:16  Drone  
  18  1:21  Drone  
  18  1:24  Extractor  
  18  1:28  Drone  
  19  1:40  Overlord  
  19  1:56  Drone  
  19  2:00  Queen  
  23  2:01  Zergling x2  
  23  2:05  Queen  
  23  2:06  Drone  
  26  2:18  Drone  
  27  2:30  Hatchery  
  26  2:39  Overlord  
  26  2:48  Drone x2  
  28  2:54  Drone x3  
  30  3:21  Zergling x12  
  30  3:24  Drone x4  
  30  3:25  Drone  
  41  3:28  Queen  
  43  3:37  Lair  
  43  3:44  Queen  
  43  4:16  Drone x3  
  43  4:33  Drone x3  
  43  4:37  Drone x4  
  50  4:40  Overlord  
  50  4:41  Overlord  
  50  4:55  Hatchery, Drone  
  50  4:58  Drone  
  50  4:59  Drone  
  52  5:00  Hatchery, Drone  
  52  5:01  Drone x2  
  54  5:08  Extractor  
  54  5:10  Drone x3  
  56  5:17  Drone  
  56  5:18  Drone x2  
  59  5:33  Drone  
  60  5:36  Pneumatized Carapace  
  60  5:39  Overlord  
  60  5:40  Overlord  
  60  5:44  Drone  
  60  5:45  Hatchery  
  60  5:49  Drone  
  60  6:00  Zergling x2  
  60  6:01  Zergling x8  
  65  6:04  Zergling x2  
  65  6:05  Zergling x4  
  65  6:08  Zergling x2  
  65  6:09  Zergling x4  
  71  6:14  Zergling x2  
  71  6:15  Zergling x8  
  71  6:16  Zergling x4  
  78  6:25  Roach Warren  
  77  6:33  Zergling x2  
  78  6:40  Zergling x6  
  78  6:41  Zergling x6  
  78  6:42  Zergling x6  
  78  6:43  Zergling x4, Queen  
  78  6:44  Queen  
  93  6:47  Zergling x2  
  93  6:48  Overlord x3  
  93  6:49  Overlord x2  
  94  7:00  Overlord x2  
  94  7:09  Hydralisk Den  
  93  7:18  Queen  
  93  7:21  Drone x3  
  98  7:27  Roach  
  98  7:28  Roach x6  
  112  7:31  Roach x3  
  118  7:37  Extractor  
  118  7:43  Hydralisk x3  
  123  7:47  Zergling x2  
  123  7:48  Zergling x10  
  129  8:06  Zergling x10  
  134  8:25  Spawning Pool  
  134  8:26  Queen x2  
  129  8:27  Queen  
  129  8:28  Queen  
  129  8:31  Spore Crawler  
  112  8:53  Queen  
  112  8:54  Spore Crawler  
  111  9:04  Hydralisk x5  
  111  9:06  Hydralisk  
  111  9:07  Hydralisk x2  
  124  9:12  Drone  
  124  9:13  Hydralisk x3  
  124  9:14  Hydralisk x3  
  137  9:26  Drone  
  137  9:27  Drone  
  137  9:29  Queen  
  141  9:36  Hydralisk x3  
  147  9:40  Overlord x3  
  147  9:47  Zergling x2  
  148  9:56  Evolution Chamber  
  148  9:57  Metabolic Boost  
  148  9:58  Glial Reconstitution  
  148  9:59  Evolution Chamber  
  146  10:09  Drone x2  
  146  10:10  Drone, Infestation Pit  
  148  10:14  Drone  
  148  10:15  Drone x6  
  148  10:17  Overlord x3  
  155  10:25  Drone x2  
  155  10:26  Zergling x14, Hydralisk, Drone  
  155  10:27  Hydralisk x2  
  171  10:38  Drone x2  
  171  10:39  Drone x3  
  171  10:40  Hatchery  
  175  10:56  Overseer  
  174  10:58  Hatchery  
  93  11:34  Hydralisk  
  93  11:35  Hydralisk x4  
  93  11:37  Hydralisk x3  
  99  11:45  Hydralisk x2  
  72  12:08  Hydralisk  
  72  12:09  Hydralisk  
  54  12:29  Zergling x6  
  57  12:30  Zergling x2  
  57  12:31  Zergling x4  
  57  12:35  Spawning Pool  
  55  12:38  Spore Crawler  
  55  12:41  Spore Crawler  
  55  12:42  Spore Crawler  
  52  12:50  Zergling x2  
  52  12:51  Zergling x16  
  61  12:52  Zergling x4  
  61  12:53  Zergling x4  
  55  13:29  Spore Crawler  
  55  13:31  Spore Crawler  
  47  13:40  Spore Crawler  
  39  13:42  Spore Crawler  
  39  13:46  Zergling x2, Spore Crawler  
  39  13:47  Zergling x4  
Tags
 
Matchup
TvZ
Spawn Locations
Cross Positions
Add a new tag
Caveats
  • Supply blocks, unpowered buildings, or Contaminate may cause inaccurate times.
  • Supply counts are checked every 10 seconds.